 Dungeon Crawl Stone Soup version 0.22-a0-455-ga0624bf (webtiles) character file.

67 KristoblXynda the Slasher (level 4, 0/39 HPs)
             Began as a Naga Gladiator on June 5, 2018.
             Slain by a worm (7 damage)
             ... on level 2 of the Dungeon.
             The game lasted 00:02:48 (1659 turns).

KristoblXynda the Slasher (Naga Gladiator)          Turns: 1659, Time: 00:02:49

Health: 0/39       AC:  5    Str: 22    XL:     4   Next: 18%
Magic:  4/4        EV: 10    Int:  9    God:
Gold:   109        SH:  0    Dex: 12    Spells: 3/3 levels left

rFire    . . .     SeeInvis +   a - +0 long sword
rCold    . . .     Gourm    .   (no shield)
rNeg     . . .     Faith    .   q - +0 ring mail
rPois    +         Spirit   .   c - +0 helmet
rElec    .         Reflect  .   (no cloak)
rCorr    .         Harm     .   (no gloves)
MR       .....                  (no barding)
Stlth    +.........             (no amulet)
HPRegen  0.13/turn              g - +5 ring of strength
MPRegen  0.09/turn              (no ring)

@: flying, very slow
A: large, see invisible, deformed body, poison resistance, slowness 2, slow
metabolism 1, spit poison 1, AC +1
a: Spit Poison


You were on level 2 of the Dungeon.
You were not hungry.

You visited 1 branch of the dungeon, and saw 2 of its levels.

You collected 109 gold pieces.

Inventory:

Hand Weapons
 a - a +0 long sword (weapon)
Missiles
 d - 3 throwing nets (quivered)
Armour
 c - a +0 helmet (worn)
 q - a +0 ring mail (worn)
Jewellery
 g - a +5 ring of strength (left hand)
Scrolls
 e - a scroll of remove curse
 h - a scroll of identify
 k - a scroll of amnesia {unknown}
 l - a scroll of noise {unknown}
 m - a scroll of enchant armour {unknown}
Potions
 i - 2 potions of invisibility
 n - a potion of flight
 o - a potion of haste
 p - a potion of berserk rage
Comestibles
 f - 5 rations


   Skills:
 - Level 2.0 Fighting
 + Level 3.7 Long Blades
 - Level 2.0 Throwing
 + Level 1.3 Armour
 - Level 3.0 Dodging
 + Level 0.5 Stealth


You had 3 spell levels left.
You didn't know any spells.
Your spell library was empty.

Dungeon Overview and Level Annotations

Branches:
Dungeon (2/15)

Altars:
Trog
Zin


Innate Abilities, Weirdness & Mutations

You cannot wear boots.
Your serpentine skin is tough. (AC +1)
You have supernaturally acute eyesight. (SInv)
Armour fits poorly on your strangely shaped body.
Your system is resistant to poisons. (rPois)
You cover ground very slowly.
You have a slow metabolism.
You can spit poison.


Message History

You hit the worm.
The worm is heavily wounded.
The worm bites you!
You slash the worm!
The worm is almost dead.
You slash the worm!
You kill the worm!
You barely miss the worm. The worm misses you.
You hit the worm.
The worm is lightly wounded.
The worm bites you!
* * * LOW HITPOINT WARNING * * *
You feel very buoyant.
You fly up into the air.
The worm closely misses you.
You riposte.
You slash the worm!
The worm is moderately wounded.
The worm bites you.
* * * LOW HITPOINT WARNING * * *
The worm is no longer berserk.
The worm bites you!
You die...

#.........# #...#.......
##.......## #####....###
####†##############....#
#.##....÷...........#
#####.w...###########...#
#..............######...###
#..............#<..........
#........w.....######)..###
#.........@....#######.....
#######........##....#..###
............##....#..#
####........##....#..#
...................#
###################># ###


You could see 2 worms.

Vanquished Creatures
  3 adders (D:2)
  2 worms (D:2)
  A dart slug (D:2)
  A leopard gecko (D:2)
  2 giant cockroaches
  4 goblins
  3 hobgoblins (D:1)
  A quokka (D:2)
  2 bats (D:1)
  4 frilled lizards
  7 kobolds
  6 rats
36 creatures vanquished.

Notes
Turn   | Place    | Note
-------+----------+-------------------------------------------
     0 | D:1      | KristoblXynda the Naga Gladiator began the quest for the Orb.
     0 | D:1      | Reached XP level 1. HP: 19/19 MP: 1/1
   455 | D:1      | Reached XP level 2. HP: 23/26 MP: 2/2
  1191 | D:2      | Reached XP level 3. HP: 25/32 MP: 3/3
  1204 | D:2      | Found a glowing silver altar of Zin.
  1297 | D:2      | Reached skill level 1 in Armour
  1404 | D:2      | Reached XP level 4. HP: 29/39 MP: 4/4
  1632 | D:2      | Noticed a moth of wrath
  1635 | D:2      | Found a bloodstained altar of Trog.
  1659 | D:2      | Slain by a worm

Vault maps used:
D:1:      shiori_arrival_maze, serial_co_window_serial, co_window_cross_1,
          co_window_paths_a, co_window_cross_1, co_window_paths_b,
          co_window_corner_a, co_window_corner_b, co_window_corner_b,
          co_window_unsneaky_path_d, co_window_broadway_a, glass_columns_a,
          glass_columns_b, glass_columns_c, glass_columns_b, glass_columns_a
D:2:      marbit_many_paths, first_ration, tgw_trog

Skill      XL: |  1  2  3 |
---------------+----------+-----
Throwing       | 2 |  2.0
Armour         | 1 |  1.3
Dodging        | 3 |  3.0
Fighting       | |  2.0
Long Blades    | |  3.7
Stealth        | |  0.5

Action                   |  1- 3 |  4- 6 || total
-------------------------+-------+-------++-------
Melee: Long sword        |    74 |    27 ||   101
 Abil: Spit Poison       |       |     1 ||     1
  Use: Scroll            |     4 |     2 ||     6
       Potion            |       |     1 ||     1
  Eat: Chunk             |     1 |     1 ||     2
Armor: Leather armour    |    17 |       ||    17
       Ring mail         |     7 |    10 ||    17
Dodge: Dodged            |    39 |    10 ||    49
       Rpst.: Long sword |    11 |     5 ||    16

Table legend:
 A = Spawn XP
 B = Non-spawn XP
 C = Spawn XP percentage of total XP
 D = Spawn monster count
 E = Non-spawn monster count
 F = Spawn count percentage of total count
 G = Total turns spent on level
                    A         B        C        D         E        F      G
               +---------+---------+-------+---------+---------+-------+---------
         Total |       0 |      97 |   0.0 |       0 |      36 |   0.0 |  1659
               +---------+---------+-------+---------+---------+-------+---------
           D:1 |       0 |      22 |   0.0 |       0 |      15 |   0.0 |  1136
           D:2 |       0 |      75 |   0.0 |       0 |      21 |   0.0 |   523
               +---------+---------+-------+---------+---------+-------+---------
